 Dungeon Crawl Stone Soup version 0.30.1 (webtiles) character file.

Game seed: 13180734142004854425

2214 Graphine the Skirmisher (level 9, -6/82 HPs)
             Began as a Deep Elf Hunter on July 11, 2023.
             Was an Initiate of Hepliaklqana.
             Succumbed to a green ugly thing's poison
             ... on level 7 of the Dungeon.
             The game lasted 00:13:35 (6403 turns).

Graphine the Skirmisher (Deep Elf Hunter)           Turns: 6403, Time: 00:13:36

Health: -6/82      AC:  3    Str:  8    XL:     9   Next: 13%
Magic:  11/11      EV: 19    Int: 17    God:    Hepliaklqana [......]
Gold:   494        SH:  0    Dex: 26    Spells: 8/8 levels left

rFire   . . .        a - +3 shortbow
rCold   . . .        (shield currently unavailable)
rNeg    . . .        c - +0 leather armour
rPois   .            (no helmet)
rElec   .            (no cloak)
rCorr   .            (no gloves)
SInv    .            (no boots)
Will    .....        (no amulet) Stlth
                     k - +6 ring of dexterity
HPRegen 0.33/turn    (no ring)
MPRegen 0.12/turn

%: no passive effects
@: berserking, lethally poisoned (-6 -> -36), very quick
A: no striking features
a: Renounce Religion


You were on level 7 of the Dungeon.
You worshipped Hepliaklqana.
Hepliaklqana was noncommittal.
You visited 2 branches of the dungeon, and saw 9 of its levels.

You collected 494 gold pieces.

Inventory:

Hand Weapons
 a - a +3 shortbow (weapon)
Armour
 c - a +0 leather armour (worn)
 r - a +1 buckler
Magical Staves
 t - a staff of conjuration
Jewellery
 k - a +6 ring of dexterity (left hand)
Wands
 b - a wand of quicksilver (2)
 g - a wand of roots (10)
Scrolls
 d - a scroll of identify
 m - a scroll of blinking
 p - a scroll of teleportation
 u - a scroll of fear
Potions
 e - a potion of haste
 f - a potion of magic
 h - 3 potions of flight
 i - 2 potions of might
 l - a potion of lignification {unknown}
 n - 2 potions of mutation
 o - a potion of cancellation
 q - a potion of brilliance {unknown}


   Skills:
 + Level 6.0 Fighting
 + Level 10.6 Ranged Weapons
 + Level 8.8 Dodging
 - Level 1.2 Stealth


You had 8 spell levels left.
You didn't know any spells.
Your spell library contained the following spells:

 Spells                   Type           Power      Damage    Failure   Level
 Magic Dart               Conj           0%         1d3       34%         1
 Call Imp                 Summ           0%         N/A       45%         2
 Cigotuvi's Dreadful Rot  Necr/Pois/Air  0%         N/A       45%         2
 Ignite Poison            Fire/Tmut/Pois 0%         N/A       71%         3
 Mephitic Cloud           Conj/Pois/Air  0%         N/A       71%         3
 Anguish                  Hex/Necr       0%         N/A       98%         4
 Cause Fear               Hex            0%         N/A       98%         4
 Freezing Cloud           Conj/Ice/Air   0%         6-21      100%        5
 Iskenderun's Battlesphe  Conj           0%         2d6       100%        5
 Iron Shot                Conj/Erth      0%         9d1       100%        6
 Enfeeble                 Hex            0%         N/A       100%        7
 Spellforged Servitor     Conj/Summ      0%         N/A       100%        7


Dungeon Overview and Level Annotations

Branches:
Dungeon (8/15)             Temple (1/1) D:7
   Lair: D:8-11

Altars:
Ashenzari
Cheibriados
Dithmenos
Elyvilon
Fedhas
Gozag
Hepliaklqana
Kikubaaqudgha
Nemelex Xobeh
Okawaru
Qazlal
Ru
Sif Muna
Trog
Uskayaw
Vehumet
Wu Jian
Xom
Yredelemnul
Zin
The Shining One

Annotations:
D:6 2 transporters, Peloso's ghost, novice MiFi
D:7 3 runed translucent doors, ripuliukko's ghost, novice DEEE


Message History

You shoot an arrow.
The arrow closely misses the green ugly thing.
The green ugly thing stings you.
You shoot an arrow. The arrow hits the green ugly thing.
The green ugly thing is lightly wounded.
The green ugly thing stings you.
You shoot an arrow.
The arrow barely misses the green ugly thing.
The green ugly thing stings you!
You are poisoned.
The green ugly thing poisons you!
Okay, then.
Okay, then.
It was a potion of invisibility.
You fade into invisibility!
You feel extremely sick. The green ugly thing stings you!
You are more poisoned.
The green ugly thing poisons you!
Okay, then.
Your magical effects are unravelling.
You feel magically purged.
You flicker back into view.
* * * LOW HITPOINT WARNING * * *
You feel extremely sick.
The green ugly thing completely misses you.
It was a potion of berserk rage.
A red film seems to cover your vision as you go berserk!
You feel yourself moving faster!
You feel mighty!
* * * LOW HITPOINT WARNING * * *
You feel extremely sick. The green ugly thing misses you.
Really attack while wielding your +3 shortbow? [Y]es or [N]o only, please.
Really attack while wielding your +3 shortbow? [Y]es or [N]o only, please.
Really attack while wielding your +3 shortbow?
You closely miss the green ugly thing.
The green ugly thing is lightly wounded.
You die...

# ###.# ##PPP##... ... #
#.[.###P...P#.####.# #
#.#...'..>.P# #.# #
#.#####P...P# #.# ## #
#.######PPP##.####.###....
#
#......#####............#
# #########.# #.# #
######.########.### #
#.......@u........# #
#.####.##########.# # #.#
#.# ####.# # #.# #.#
#....# # #.# #.# #.#### #
#.# #.# #.# # #.# #.####
#.# # #.# #....# #.# #
###.# #.##.# #.#


You could see a green ugly thing.

Vanquished Creatures
  2 sky beasts
  2 black bears
  An ogre (D:5)
  3 centaurs
  2 kobold brigands (D:6)
  2 scorpions (D:5)
  A bullfrog (D:6)
  6 wights (D:7)
  A howler monkey (D:7)
  A jelly (D:5)
  6 orc priests
  4 hounds
  5 iguanas
  Natasha (twice) (D:2)
  4 orc wizards
  Terence (D:2)
  4 gnolls (D:4)
  8 adders
  A shadow imp (D:4)
  A white imp (D:7)
  3 worms
  3 dart slugs
  14 orcs
  5 ball pythons
  8 bats
  7 endoplasms
  10 giant cockroaches
  8 goblins
  5 hobgoblins
  7 jackals (D:1)
  3 quokkas
  2 frilled lizards (D:2)
  16 kobolds
  A rat (D:1)
149 creatures vanquished.

Notes
Turn   | Place    | Note
-------+----------+-------------------------------------------
     0 | D:1      | Graphine the Deep Elf Hunter began the quest for the Orb.
     0 | D:1      | Reached XP level 1. HP: 12/12 MP: 3/3
    82 | D:1      | Reached XP level 2. HP: 17/17 MP: 4/4
   442 | D:1      | Reached XP level 3. HP: 21/21 MP: 5/5
   596 | D:2      | Noticed Terence
   600 | D:2      | Killed Terence
   601 | D:2      | Reached skill level 6 in Ranged Weapons
   680 | D:2      | Found a white marble altar of Elyvilon.
   715 | D:2      | Noticed Natasha
   725 | D:2      | Killed Natasha
   726 | D:2      | Reached XP level 4. HP: 9/27 MP: 6/6
   995 | D:2      | Noticed Natasha
   998 | D:2      | Killed Natasha
  1051 | D:2      | Reached XP level 5. HP: 20/31 MP: 7/7
  2387 | D:4      | Noticed a black bear
  2394 | D:4      | Killed a black bear
  2395 | D:4      | Reached skill level 7 in Ranged Weapons
  2395 | D:4      | Reached XP level 6. HP: 33/37 MP: 8/8
  2495 | D:4      | Found a radiant altar of Vehumet.
  2499 | D:4      | Found a glowing silver altar of Zin.
  2503 | D:4      | Found an ancient bone altar of Kikubaaqudgha.
  2529 | D:4      | Reached skill level 5 in Dodging
  3281 | D:5      | Entered Level 5 of the Dungeon
  3286 | D:5      | Reached XP level 7. HP: 42/42 MP: 9/9
  3371 | D:5      | Reached skill level 8 in Ranged Weapons
  3575 | D:5      | Found a sacrificial altar of Ru.
  3991 | D:5      | Reached XP level 8. HP: 18/48 MP: 10/10
  4242 | D:5      | Reached skill level 9 in Ranged Weapons
  4307 | D:6      | Noticed Peloso's ghost (novice MiFi)
  4307 | D:6      | Found a transporter.
  4367 | D:6      | Found a transporter.
  4544 | D:6      | Found a hide-covered altar of Uskayaw.
  4556 | D:6      | Reached skill level 5 in Fighting
  4776 | D:6      | Found an ornate altar of the Wu Jian Council.
  5146 | D:7      | Noticed a green ugly thing
  5170 | D:7      | Reached skill level 10 in Ranged Weapons
  5332 | D:7      | Reached XP level 9. HP: 38/55 MP: 11/11
  5557 | D:7      | Found a runed translucent gate.
  5558 | D:7      | Noticed a kobold demonologist
  5559 | D:7      | Noticed ripuliukko's ghost (novice DEEE)
  5563 | D:7      | Found a runed translucent gate.
  5564 | D:7      | Identified the +1 leather armour of Death Resistance
                  | {Contam rN+ Str+3 Dex+2}
  5571 | D:7      | Found a runed translucent gate.
  5590 | D:7      | Found a staircase to the Ecumenical Temple.
  5610 | Temple   | Entered the Ecumenical Temple
  5685 | Temple   | Became a worshipper of Hepliaklqana the Forgotten
  6402 | D:7      | HP: 1/82 [poisoned by a green ugly thing]
  6403 | D:7      | Succumbed to a green ugly thing's poison

Illustrated notes

Levels and vault maps discovered:
D:1:      nicolae_arrival_memento_mori, layout_rooms, minmay_heptomino_h4
D:2:      layout_loops_cross, basic_altar, uniq_terence, uniq_natasha
D:3:      layout_basic, serial_bayou, serial_bayou_lagoon_b,
          serial_bayou_crossing, serial_bayou_pond_a, serial_bayou_pond_e,
          dk_noncrumbling_3, minmay_stone_trees_small
D:4:      layout_gridville, grunt_temple_overflow_diamond
D:5:      nicolae_cairo_tiling, layout_basic, mainiacjoe_overflow_boulevard,
          chequers_decorated_corner
D:6:      layout_basic, nicolae_uskayaw_dance_studio, nzn_wu_jian_council_hall,
          gammafunk_ghost_stat_death
D:7:      minmay_blocky_corners, layout_loops_ring,
          minmay_temple_entry_enclosed_plants, gammafunk_ghost_nasty_kobolds
D:8:      nzn_winding_woodlands_small [nzn_winding_woodlands_5x15_sidewinder,
          nzn_winding_woodlands_center_triple_pond,
          nzn_winding_woodlands_5x15_parted], layout_basic,
          gammafunk_ghost_necromancy, minmay_chambers_of_fives, uniq_psyche
Temple:   eino_temple_lava

Skill      XL: |  1  2  3  4  5  6  7  8  9 |
---------------+----------------------------+-----
Dodging        | 3 4 5 6 8 |  8.8
Fighting       | 2 3 4 5 6 |  6.0
Ranged Weapons | 6 7 8 10 | 10.6
Stealth        | |  1.2

Action                     |  1- 3 |  4- 6 |  7- 9 || total
---------------------------+-------+-------+-------++-------
  Melee: Shortbow          |       |       |     1 ||     1
   Fire: Shortbow          |    79 |   144 |   202 ||   425
    Use: Scroll            |     5 |    14 |     5 ||    24
         Potion            |       |       |     9 ||     9
 Armour: Leather armour    |    11 |     5 |    10 ||    26
  Dodge: Dodged            |    28 |    52 |    52 ||   132
